 Dungeon Crawl Stone Soup version 0.23-a0-643-g9ccc95a (webtiles) character file.

3425 Gorice the Basher (level 9, -4/68 HPs)
             Began as a Demonspawn Wanderer on Dec 30, 2018.
             Was a Believer of Makhleb.
             Slain by a death yak (13 damage)
             ... on level 9 of the Dungeon on Dec 31, 2018.
             The game lasted 00:39:35 (8792 turns).

Gorice the Basher (Demonspawn Wanderer)             Turns: 8792, Time: 00:39:36

Health: -4/68      AC: 26    Str: 19    XL:     9   Next: 76%
Magic:  0/9        EV: 12    Int: 12    God:    Makhleb [**....]
Gold:   558        SH:  0    Dex: 11    Spells: 8/8 levels left

rFire    + . .     SeeInvis .   a - +2 dire flail (protect)
rCold    . . .     Gourm    .   (shield currently unavailable)
rNeg     . . .     Faith    .   z - +0 plate armour
rPois    .         Spirit   +   (helmet restricted)
rElec    .         Reflect  .   Q - +2 cloak {+Inv}
rCorr    .         Harm     .   p - +1 pair of gloves
MR       .....                  (no boots)
Stlth    ..........             H - amulet of rage
HPRegen  0.21/turn              f - ring of protection from fire
MPRegen  0.11/turn              e - +3 ring of evasion

@: protection aura
A: horns 1, nightstalker 1, magic shield, sturdy frame 3
a: Minor Destruction, Renounce Religion, Evoke Berserk Rage, Evoke Invisibility


You were on level 9 of the Dungeon.
You worshipped Makhleb.
Makhleb was pleased with you.
You were hungry.

You visited 2 branches of the dungeon, and saw 10 of its levels.

You collected 558 gold pieces.

Inventory:

Hand Weapons
 a - a +2 dire flail of protection (weapon)
   (You took it off Edmund on level 6 of the Dungeon)
 J - a +2 morningstar
Missiles
 A - 8 javelins (quivered)
 C - 3 tomahawks of returning
 Y - 181 stones
 Z - a throwing net {!f}
Armour
 c - a +0 buckler
 p - a +1 pair of gloves (worn)
 z - a +0 plate armour (worn)
 D - a +1 ring mail of poison resistance
   (You took it off an orc on level 3 of the Dungeon)
 N - a +1 scale mail of fire resistance
   (You took it off Edmund on level 6 of the Dungeon)
 Q - a +2 cloak of invisibility (worn)
   (You took it off Crazy Yiuf on level 3 of the Dungeon)
Magical Staves
 d - an uncursed staff of summoning {unknown}
Jewellery
 e - a +3 ring of evasion (right hand)
 f - a ring of protection from fire (left hand)
 x - a +5 ring of intelligence
 H - an amulet of rage (around neck)
Wands
 v - a wand of flame (18)
 O - a wand of polymorph (6)
Scrolls
 g - 2 scrolls of enchant armour
 m - 2 scrolls of enchant weapon
 w - 5 scrolls of remove curse
 y - 2 scrolls of fear {!r}
 B - 5 scrolls of immolation {!r}
 E - a scroll of identify
 F - a scroll of amnesia
 L - 5 scrolls of teleportation {!r}
Potions
 b - 6 potions of curing
 h - 4 potions of flight
 i - 2 potions of haste {!q}
 k - a potion of lignification {!q}
 l - 2 potions of might {!q}
 n - 2 potions of heal wounds {!q}
 o - 2 potions of magic {!q}
 q - a potion of resistance {!q}
 r - a potion of mutation {!q}
 s - a potion of cancellation {!q}
 u - a potion of berserk rage
Comestibles
 t - 13 rations


   Skills:
 - Level 5.5 Fighting
 * Level 9.6 Maces & Flails
   Level 1.0 Crossbows
 + Level 8.2 Armour
 - Level 1.0 Shields
 - Level 1.0 Evocations


You had 8 spell levels left.
You didn't know any spells.
Your spell library was empty.

Dungeon Overview and Level Annotations

Branches:
Dungeon (9/15)             Temple (1/1) D:5
   Lair: D:8-11         Orc: D:9-12

Altars:
Ashenzari
Cheibriados
Dithmenos
Elyvilon
Fedhas
Hepliaklqana
Kikubaaqudgha
Makhleb
Nemelex Xobeh
Okawaru
Qazlal
Ru
Sif Muna
Trog
Uskayaw
Vehumet
Wu Jian
Xom
Yredelemnul
Zin
The Shining One

Shops:
D:6 =


Innate Abilities, Weirdness & Mutations

You have a pair of small horns on your head.
You are slightly more attuned to the shadows.
When hurt, damage is shared between your health and your magic reserves.
Your movements are significantly less encumbered by armour. (ER -6)


Message History

The death yak barely misses you.
You hit the death yak.
The death yak is almost dead.
The death yak gores you but does no damage.
You puncture the death yak!
You kill the death yak!
Makhleb accepts your kill.
Your Maces & Flails skill increases to level 9!
Your Armour skill increases to level 8!
You puncture the death yak! You headbutt the death yak.
The death yak is lightly wounded.
You barely miss the death yak.
The death yak is lightly wounded.
The death yak gores you!
Damage: 8 (max 8)
You hit the death yak but do no damage. You headbutt the death yak.
The death yak is lightly wounded.
The death yak gores you but does no damage.
You hit the death yak but do no damage.
The death yak is lightly wounded.
The death yak gores you!
Damage: 10 (max 10)
Your plate armour prevents you from hitting the death yak.
You headbutt the death yak.
The death yak is lightly wounded.
The death yak gores you but does no damage.
You sock the death yak! You headbutt the death yak!
The death yak is heavily wounded.
The death yak gores you!!
* * * LOW HITPOINT WARNING * * *
Damage: 17 (max 17)
You hit the death yak.
The death yak is heavily wounded.
You hit the death yak.
The death yak is heavily wounded.
The death yak gores you!
* * * LOW HITPOINT WARNING * * *
Damage: 11 (max 17)
You sock the death yak!
The death yak is severely wounded.
The death yak gores you!
* * * LOW HITPOINT WARNING * * *
Damage: 14 (max 17)
You hit the death yak but do no damage.
The death yak is severely wounded.
The death yak closely misses you.
You hit the death yak but do no damage.
The death yak is heavily wounded.
The death yak gores you!
You die...

########################
................@YF....#
...########.###.#####..#
...# #.# #.# #..#
...##### #.#
#.#####..##########
........ ...
...................
........ ...
...................
..######
####.#.#######.#........
..# #.#........ ..#
#.#........


You could see a death yak and a bullfrog.

Vanquished Creatures
  A death yak (D:9)
  Menkaure (D:6)
  Duvessa (D:4)
  Edmund (D:6)
  An ice beast (D:8)
  3 orc warriors
  A phantom (D:4)
  A sky beast (D:6)
  A necrophage (D:8)
  2 centaurs
  2 bullfrogs
  A water moccasin zombie (D:6)
  Dowan (D:4)
  2 killer bees (D:9)
  8 wights
  A howler monkey (D:8)
  A centaur zombie (D:8)
  4 crimson imps
  A quasit (D:7)
  2 bullfrog zombies (D:8)
  Crazy Yiuf (D:3)
  5 orc priests
  6 orc wizards
  4 worker ants
  An iguana (D:8)
  A worker ant zombie (D:6)
  9 adders
  3 gnolls (D:5)
  An ooze (D:2)
  2 adder skeletons
  7 worms
  3 dart slugs
  5 leopard geckos
  31 orcs
  13 bats
  4 giant cockroaches
  6 goblins
  10 hobgoblins
  8 jackals
  2 quokkas
  A ball python (D:1)
  5 frilled lizards
  9 kobolds
  2 quokka skeletons
  A quokka zombie (D:5)
  3 rats
179 creatures vanquished.

Notes
Turn   | Place    | Note
-------+----------+-------------------------------------------
     0 | D:1      | Gorice the Demonspawn Wanderer began the quest for the Orb.
     0 | D:1      | Gorice set off with the following items: a +2 scale mail, a
                  | potion of curing, a +0 buckler, a +0 club, a ration
     0 | D:1      | Reached XP level 1. HP: 19/19 MP: 1/1
   147 | D:1      | Reached skill level 3 in Armour
   157 | D:1      | Gained mutation: Your movements are slightly less
                  | encumbered by armour. (ER -2) [demonic ancestry]
   157 | D:1      | Reached XP level 2. HP: 18/25 MP: 2/2
   460 | D:1      | Reached XP level 3. HP: 31/31 MP: 3/3
  1413 | D:2      | Gained mutation: You have a pair of small horns on your
                  | head. [demonic ancestry]
  1413 | D:2      | Reached XP level 4. HP: 26/38 MP: 4/4
  1560 | D:2      | Reached skill level 5 in Fighting
  1962 | D:3      | Reached skill level 4 in Armour
  1981 | D:3      | Found a shattered altar of Ashenzari.
  2066 | D:3      | Gained mutation: Your movements are less encumbered by
                  | armour. (ER -4) [demonic ancestry]
  2066 | D:3      | Reached XP level 5. HP: 41/44 MP: 5/5
  2346 | D:3      | Found a runed door.
  2777 | D:4      | Found a burning altar of Makhleb.
  2797 | D:4      | Became a worshipper of Makhleb the Destroyer
  2941 | D:4      | Noticed Dowan
  2942 | D:4      | Noticed Duvessa
  2973 | D:4      | HP: 12/44 [Duvessa/+0 short sword (2)]
  2980 | D:4      | HP: 5/44 [Duvessa/+0 short sword (4)]
  3206 | D:4      | Noticed an orc warrior
  3495 | D:4      | Noticed a phantom
  3622 | D:4      | Killed Dowan
  3622 | D:4      | Reached skill level 1 in Maces & Flails
  3685 | D:4      | Killed a phantom
  3685 | D:4      | Reached skill level 2 in Maces & Flails
  3685 | D:4      | Gained mutation: You are slightly more attuned to the
                  | shadows. [demonic ancestry]
  3685 | D:4      | Reached XP level 6. HP: 35/51 MP: 6/6
  3712 | D:4      | Upgraded the game from 0.23-a0-642-g3120c2f to
                  | 0.23-a0-643-g9ccc95a
  3713 | D:5      | Entered Level 5 of the Dungeon
  3826 | D:5      | Found a shadowy altar of Dithmenos.
  3863 | D:5      | Reached skill level 3 in Maces & Flails
  3895 | D:5      | Reached skill level 5 in Armour
  4170 | D:5      | Found a glowing golden altar of the Shining One.
  4419 | D:5      | Found a staircase to the Ecumenical Temple.
  4438 | Temple   | Entered the Ecumenical Temple
  4922 | D:6      | Gained mutation: Your movements are significantly less
                  | encumbered by armour. (ER -6) [demonic ancestry]
  4922 | D:6      | Reached XP level 7. HP: 53/56 MP: 7/7
  4945 | D:6      | Reached skill level 4 in Maces & Flails
  5062 | D:6      | Noticed Menkaure
  5076 | D:6      | Killed Menkaure
  5356 | D:6      | Found Cooxuask's Jewellery Shop.
  5472 | D:6      | Reached skill level 5 in Maces & Flails
  5518 | D:6      | Found an iron altar of Okawaru.
  5750 | D:6      | Reached XP level 8. HP: 61/63 MP: 8/8
  5772 | D:6      | Noticed Edmund
  5798 | D:6      | Reached skill level 6 in Armour
  5820 | D:6      | Killed Edmund
  5820 | D:6      | Reached * piety under Makhleb
  5830 | D:6      | Reached skill level 6 in Maces & Flails
  6040 | D:4      | Killed Duvessa
  6323 | D:3      | Noticed Crazy Yiuf
  6360 | D:3      | Killed Crazy Yiuf
  6628 | D:7      | Reached skill level 7 in Maces & Flails
  7074 | D:7      | Found an ancient bone altar of Kikubaaqudgha.
  7166 | D:7      | Reached skill level 7 in Armour
  7676 | D:8      | Gained mutation: When hurt, damage is shared between your
                  | health and your magic reserves. [demonic ancestry]
  7676 | D:8      | Reached XP level 9. HP: 54/68 MP: 9/9
  7856 | D:8      | Reached skill level 8 in Maces & Flails
  8265 | D:8      | Reached ** piety under Makhleb
  8663 | D:9      | Noticed a queen bee
  8747 | D:9      | Noticed a death yak
  8747 | D:9      | Noticed a death yak
  8781 | D:9      | Killed a death yak
  8781 | D:9      | Reached skill level 9 in Maces & Flails
  8781 | D:9      | Reached skill level 8 in Armour
  8790 | D:9      | HP: 9/68 [death yak (14)]
  8792 | D:9      | Slain by a death yak

Vault maps used:
D:1:      dpeg_arrival_lava_temple_mockup, serial_bayou_pond_b, minmay_vboxes
D:2:      corner_web_ring
D:3:      ashenzari_conservatory_becter, uniq_crazy_yiuf_cottage
D:4:      old_standard_altar, first_ration, uniq_duvessa
D:5:      grunt_dithmenos_smoke_and_mirrors, tso_altar,
          minmay_temple_entry_statues
D:6:      kennysheep_okawaru_gauntlet, serial_shops, kennysheep_mini,
          uniq_edmund, uniq_menkaure
D:7:      kennysheep_little_box
D:9:      grunt_gozag_breadcrumbs, dpeg_lair_monsters,
          kennysheep_orc_monster_closet_entryway, david_nohive_1
Temple:   regret_index_temple_generic_petals

Skill      XL: |  1  2  3  4  5  6  7  8  9 |
---------------+----------------------------+-----
Armour         | 3 4 5 7 8 |  8.2
Fighting       | 5 |  5.5
Maces & Flails | 2 3 5 7 9 |  9.6
Crossbows      | |  1.0
Shields        | |  1.0
Evocations     | |  1.0

Action                   |  1- 3 |  4- 6 |  7- 9 || total
-------------------------+-------+-------+-------++-------
Melee: Club              |    86 |       |       ||    86
       Whip              |   143 |   215 |       ||   358
       Headbutt          |       |    54 |    88 ||   142
       Mace              |       |    94 |       ||    94
       Flail             |       |    18 |   135 ||   153
       Dire flail        |       |       |   266 ||   266
Throw: Stone             |    10 |     1 |       ||    11
       Javelin           |       |     4 |    11 ||    15
       Throwing net      |       |       |     1 ||     1
  Use: Scroll            |     4 |    11 |     8 ||    23
       Potion            |       |     1 |     1 ||     2
  Eat: Chunk             |     2 |     7 |    10 ||    19
       Ration            |       |     1 |     1 ||     2
Armor: Scale mail        |   117 |    37 |       ||   154
       Plate armour      |       |   140 |   187 ||   327
Dodge: Dodged            |   121 |   148 |   186 ||   455
Block: Buckler           |    36 |    55 |    14 ||   105

Table legend:
 A = Non-vault XP
 B = Vault XP
 C = Vault XP percentage of total XP
 D = Non-vault monster count
 E = Vault monster count
 F = Vault count percentage of total count
                 A         B        C        D         E       F
            +---------+---------+-------+---------+---------+-------
      Total |    3316 |    1578 |  32.2 |     161 |      18 |  10.1
            +---------+---------+-------+---------+---------+-------
        D:1 |      35 |      16 |  31.4 |      20 |      10 |  33.3
        D:2 |      80 |       0 |   0.0 |      26 |       0 |   0.0
        D:3 |     122 |      42 |  25.6 |      24 |       1 |   4.0
        D:4 |     268 |     226 |  45.7 |       7 |       2 |  22.2
        D:5 |     213 |       0 |   0.0 |      14 |       0 |   0.0
        D:6 |     781 |     325 |  29.4 |      15 |       2 |  11.8
        D:7 |     750 |       0 |   0.0 |      22 |       0 |   0.0
        D:8 |    1019 |       0 |   0.0 |      32 |       0 |   0.0
        D:9 |      48 |     969 |  95.3 |       1 |       3 |  75.0
            +---------+---------+-------+---------+---------+-------

Table legend:
 A = Turns spent in this place as a percentage of turns spent in the entire game.
 B = Non-inter-level travel turns spent in this place as a percentage of non-inter-level travel turns spent in the entire game.
 C = Inter-level travel turns spent in this place as a percentage of turns spent in this place.
 D = Turns resting spent in this place as a percentage of non-inter-level travel turns spent in this place.
 E = Turns spent auto-exploring this place as a percentage of non-inter-level travel turns spent in this place.
 F = Non-inter-level travel turns spent in this place divided by the number of levels of this place that you've seen.
                   A       B       C       D       E      F
               +-------+-------+-------+-------+-------+----------------------
         Total | 100.0 | 100.0 |   5.0 |  10.4 |  55.1 | 835.0
       Dungeon |  97.4 |  97.6 |   4.8 |  10.6 |  54.1 | 905.4
        Temple |   2.6 |   2.4 |  12.2 |   0.0 |  98.5 | 201.0
               +-------+-------+-------+-------+-------+----------------------

Vault maps used:
D:1:      dpeg_arrival_lava_temple_mockup, serial_bayou_pond_b, minmay_vboxes
D:2:      corner_web_ring
D:3:      ashenzari_conservatory_becter, uniq_crazy_yiuf_cottage
D:4:      old_standard_altar, first_ration, uniq_duvessa
D:5:      grunt_dithmenos_smoke_and_mirrors, tso_altar,
          minmay_temple_entry_statues
D:6:      kennysheep_okawaru_gauntlet, serial_shops, kennysheep_mini,
          uniq_edmund, uniq_menkaure
D:7:      kennysheep_little_box
D:9:      grunt_gozag_breadcrumbs, dpeg_lair_monsters,
          kennysheep_orc_monster_closet_entryway, david_nohive_1
Temple:   regret_index_temple_generic_petals
